 Dungeon Crawl Stone Soup version 0.30.2 (webtiles) character file.

Game seed: 1533949664649686790

60 porpoise the Shooter (level 4, -1/35 HPs)
             Began as a Barachi Hunter on Jan 27, 2024.
             Succumbed to Robin's poison
             ... on level 2 of the Dungeon.
             The game lasted 00:04:43 (1184 turns).

porpoise the Shooter (Barachi Hunter)               Turns: 1184, Time: 00:04:43

Health: -1/35      AC:  3    Str: 13    XL:     4   Next: 6%
Magic:  4/4        EV: 12    Int:  9    God:
Gold:   90         SH:  0    Dex: 17    Spells: 3/3 levels left

rFire   . . .        a - +0 shortbow
rCold   . . .        (shield currently unavailable)
rNeg    + . .        c - +0 leather armour
rPois   .            (no helmet)
rElec   .            (no cloak)
rCorr   .            (no gloves)
SInv    .            (no boots)
Will    .....        (no amulet)
Stlth   ++           h - ring of positive energy
HPRegen 0.25/turn    (no ring)
MPRegen 0.09/turn

%: no passive effects
@: lethally poisoned (-1 -> -23), flying, slow
A: amphibious, slowness 1, strong legs 1, +LOS
a: Hop


You were on level 2 of the Dungeon.
You visited 1 branch of the dungeon, and saw 2 of its levels.

You collected 90 gold pieces.

Inventory:

Hand Weapons
 a - a +0 shortbow (weapon)
 b - a +0 dagger of venom
Missiles
 g - a throwing net
Armour
 c - a +0 leather armour (worn)
Jewellery
 h - a ring of positive energy (left hand)
Scrolls
 e - a scroll of fear {unknown}
 f - a scroll of teleportation
 i - 2 scrolls of immolation
 j - a scroll of amnesia {unknown}
 l - a scroll of acquirement {unknown}
Potions
 k - a potion of mutation {unknown}
 m - a potion of curing {unknown}


   Skills:
 + Level 3.2 Fighting
 * Level 4.8 Ranged Weapons
 - Level 2.1 Dodging
 + Level 1.9 Stealth


You had 3 spell levels left.
You didn't know any spells.
Your spell library contained the following spells:

 Spells                   Type           Power      Damage    Failure   Level
 Blink                    Tloc           0%         N/A       61%         2
 Lesser Beckoning         Tloc           0%         N/A       61%         2
 Momentum Strike          Conj/Tloc      0%         3d8       61%         2


Dungeon Overview and Level Annotations

Branches:
Dungeon (2/15)

Altars:

Annotations:
D:2 Robin


Innate Abilities, Weirdness & Mutations

You are amphibious.
You cover ground slowly.
You can hop short distances.
You have an extended range of vision and can be seen from far away.


Message History

Press: ? - help, Q - select action, (/) - cycle Shift-Dir - straight line, f/p - Robin
Aim: Robin, wielding a +4 dagger of venom, wearing a +0 animal skin, wearing a +0 helmet and carrying a wand of roots (10) (moderately wounded, 70% to hit)
You shoot an arrow.
The arrow hits Robin but does no damage.
Robin is moderately wounded.
A goblin comes into view. It is wielding a +0 dagger.
The grasping roots constrict you. x2
The grasping roots release their grip on you.
Fire: a) +0 shortbow
Press: ? - help, Q - select action, (/) - cycle Shift-Dir - straight line, f/p - Robin
Aim: Robin, wielding a +4 dagger of venom, wearing a +0 animal skin, wearing a +0 helmet and carrying a wand of roots (10) (moderately wounded, 70% to hit)
You shoot an arrow. The arrow hits Robin!
Robin is almost dead.
A goblin comes into view. It is wielding a +0 club.
Robin hits you but does no damage.
You are poisoned.
Fire: a) +0 shortbow
Press: ? - help, Q - select action, (/) - cycle Shift-Dir - straight line, f/p - Robin
Aim: Robin, wielding a +4 dagger of venom, wearing a +0 animal skin, wearing a +0 helmet and carrying a wand of roots (10) (almost dead, 70% to hit)
You shoot an arrow. The arrow barely misses Robin.
The goblin shouts!
The arrow hits the hobgoblin but does no damage.
You feel very sick.
Robin hits you with a +4 dagger of venom.
You are lethally poisoned!
Fire: a) +0 shortbow
Press: ? - help, Q - select action, (/) - cycle Shift-Dir - straight line, f/p - Robin
Aim: Robin, wielding a +4 dagger of venom, wearing a +0 animal skin, wearing a +0 helmet and carrying a wand of roots (10) (almost dead, 70% to hit)
You shoot an arrow. The arrow barely misses Robin.
The arrow hits the hobgoblin but does no damage.
* * * LOW HITPOINT WARNING * * *
You feel very sick.
Robin hits you with a +4 dagger of venom.
* * * LOW HITPOINT WARNING * * *
You are more poisoned.
Robin misses you.
It was a potion of flight.
You feel very buoyant.
You fly up into the air.
You die...

. #....# #.# .....
#. #....###+####.#
#. ...
#...).........#
.....##...).......#
†..#.##......†...#
.. #.............#
. .####.>........#
.................#
###............#@#
#......#####.#g#
#......# #.#g#
#......# #.#g#
#......# #.#g#
#......# #.#)#
###.#### #.#.# #[
..#.) #####


You could see Robin, a hobgoblin (strong) and 2 goblins.

Vanquished Creatures
  An adder (D:2)
  A worm (D:2)
  2 bats
  6 endoplasms (D:1)
  A giant cockroach (D:1)
  12 goblins
  2 hobgoblins
  7 jackals
  4 kobolds
  A frilled lizard (D:1)
  2 rats
39 creatures vanquished.

Notes
Turn   | Place    | Note
-------+----------+-------------------------------------------
     0 | D:1      | porpoise the Barachi Hunter began the quest for the Orb.
     0 | D:1      | Reached XP level 1. HP: 17/17 MP: 1/1
    14 | D:1      | Reached skill level 1 in Stealth
   109 | D:1      | Reached XP level 2. HP: 11/23 MP: 2/2
   271 | D:1      | Found a faded altar of an unknown god.
   459 | D:1      | Reached XP level 3. HP: 28/28 MP: 3/3
  1174 | D:2      | Noticed Robin
  1175 | D:2      | Reached XP level 4. HP: 31/35 MP: 4/4
  1184 | D:2      | Succumbed to Robin's poison

Illustrated notes

Levels and vault maps discovered:
D:1:      wander_arrival_lonely_grave, layout_loops_cross,
          shapermc_ecumenical_altar_mp_ritualfount, serial_bayou,
          serial_bayou_pond_c, serial_bayou_lagoon_a, serial_bayou_shore_b,
          serial_bayou_pond_e
D:2:      layout_basic, uniq_robin

Skill      XL: |  1  2  3 |
---------------+----------+-----
Stealth        | 1 |  1.9
Fighting       | 3 |  3.2
Ranged Weapons | |  4.8
Dodging        | |  2.1

Action                     |  1- 3 |  4- 6 || total
---------------------------+-------+-------++-------
  Melee: Dagger            |     1 |       ||     1
   Fire: Shortbow          |   118 |     9 ||   127
    Use: Scroll            |     1 |       ||     1
         Potion            |       |     1 ||     1
 Armour: Leather armour    |     7 |     1 ||     8
  Dodge: Dodged            |    28 |     1 ||    29
